[Event "ICC tourney 2397 (75 10)"]
[Site "Internet Chess Club"]
[Date "2021.02.21"]
[Round "5"]
[White "MysteryHunter"]
[Black "USChessNinja"]
[Result "1-0"]
[ICCResult "Black checkmated"]
[WhiteElo "1732"]
[BlackElo "1773"]
[Opening "Sicilian: dragon, Yugoslav attack, Rauser variation"]
[ECO "B76"]
[NIC "SI.17"]
[Time "14:33:11"]
[PlyCount "135"]
[TimeControl "4500+10"]

1. e4 c5 2. Nf3 d6 3. d4 cxd4 4. Nxd4 Nf6 5. Nc3 g6 6. Be3 Bg7 7. f3 O-O 8.
Qd2 Nc6 9. O-O-O d5 10. exd5 Nxd5 11. Nxc6 bxc6 12. Bd4 e5 13. Bc5 Re8 14.
Bc4 Bf6 15. Nxd5 cxd5 16. Qxd5 Bg5+ 17. Kb1 Qxd5 18. Bxd5 Rb8 19. Bxa7 Rb4
20. Bc5 Rf4 21. Be3 Rf5 22. g4 Bxe3 23. gxf5 Bxf5 24. Be4 Be6 25. Rd3 Bf4
26. a4 f5 27. Bc6 Rc8 28. Bd5 Bxd5 29. Rxd5 Ra8 30. a5 Kf7 31. b4 Ke6 32.
Rb5 Be3 33. Rd1 Bd4 34. f4 Ra6 35. fxe5 Bc3 36. Rd3 Bxb4 37. Rxb4 Rxa5 38.
Re3 Rd5 39. Rb6+ Ke7 40. e6 Rd1+ 41. Kb2 Rd8 42. Rb7+ Ke8 43. e7 Rc8 44.
Rb6 Ra8 45. Rf6 Rb8+ 46. Kc1 Kd7 47. Rf8 Re8 48. Rxe8 Kxe8 49. c4 f4 50.
Re1 f3 51. c5 f2 52. Rf1 Kxe7 53. Rxf2 Kd7 54. Rf6 Kc7 55. c6 g5 56. Kc2 g4
57. Kc3 h5 58. Kc4 h4 59. Kc5 g3 60. hxg3 hxg3 61. Rf7+ Kc8 62. Rg7 g2 63.
Rxg2 Kc7 64. Rg7+ Kd8 65. Kd6 Ke8 66. c7 Kf8 67. Rd7 Ke8 68. c8=Q# { Black
checkmated } 1-0

[Event "ICC tourney 2397 (75 10)"]
[Site "Internet Chess Club"]
[Date "2021.02.21"]
[Round "5"]
[White "soggydollar"]
[Black "TheChessShark"]
[Result "1/2-1/2"]
[ICCResult "Game drawn by mutual agreement"]
[WhiteElo "1790"]
[BlackElo "1809"]
[Opening "Sicilian"]
[ECO "B76"]
[NIC "SI.25"]
[Time "14:33:00"]
[PlyCount "83"]
[TimeControl "4500+10"]

1. e4 c5 2. Nf3 Nc6 3. d4 cxd4 4. Nxd4 Nf6 5. Nc3 d6 6. Be3 g6 7. f3 Bg7 8.
Qd2 O-O 9. g4 a6 10. h4 h5 11. gxh5 Nxh5 12. O-O-O Ng3 13. Rg1 Nxf1 14.
Rdxf1 Ne5 15. h5 Nc4 16. Qd3 Nxe3 17. Qxe3 Qb6 18. Rd1 e5 19. Nd5 exd4 20.
Nxb6 dxe3 21. Nxa8 Be6 22. Nb6 e2 23. Rd3 Bh6+ 24. Kb1 Bh3 25. Re1 Bf1 26.
Nd5 Bg5 27. Re3 Bxe3 28. Nxe3 gxh5 29. Nxf1 exf1=Q 30. Rxf1 Kg7 31. Kc1 h4
32. Kd2 Kf6 33. f4 h3 34. Rh1 Rh8 35. Ke3 h2 36. Kf2 Ke6 37. Kg2 f5 38.
Rxh2 Rxh2+ 39. Kxh2 fxe4 40. Kg2 Kf5 41. Kg3 d5 42. c3 { Game drawn by
mutual agreement } 1/2-1/2

[Event "ICC tourney 2397 (75 10)"]
[Site "Internet Chess Club"]
[Date "2021.02.21"]
[Round "5"]
[White "kasraei"]
[Black "imranchamp"]
[Result "1/2-1/2"]
[ICCResult "Game drawn by mutual agreement"]
[WhiteElo "1950"]
[BlackElo "1852"]
[Opening "Queen's pawn: London system"]
[ECO "A45"]
[NIC "QP.07"]
[Time "14:33:40"]
[PlyCount "56"]
[TimeControl "4500+10"]

1. d4 Nf6 2. Bf4 g6 3. c3 d6 4. Nd2 Bg7 5. Ngf3 Nbd7 6. e4 O-O 7. Bd3 e5 8.
Bg5 h6 9. Bxf6 Nxf6 10. d5 Nd7 11. Qe2 Nc5 12. Bc2 f5 13. b4 Nxe4 14. Nxe4
fxe4 15. Bxe4 Bf5 16. Nd2 Qd7 17. a4 Kh7 18. O-O c6 19. c4 Bxe4 20. Nxe4
cxd5 21. cxd5 Rac8 22. b5 Rc7 23. b6 axb6 24. Qb5 Qxb5 25. axb5 Rc4 26.
Nxd6 Rd4 27. Rad1 Rd8 28. Rxd4 exd4 { Game drawn by mutual agreement }
1/2-1/2

[Event "ICC tourney 2397 (75 10)"]
[Site "Internet Chess Club"]
[Date "2021.02.21"]
[Round "5"]
[White "vober6"]
[Black "clair"]
[Result "1-0"]
[ICCResult "Black resigns"]
[WhiteElo "1912"]
[BlackElo "1723"]
[Opening "Robatsch (modern) defense"]
[ECO "B06"]
[NIC "KF.05"]
[Time "14:33:00"]
[PlyCount "113"]
[TimeControl "4500+10"]

1. e4 g6 2. d4 Bg7 3. Nf3 e6 4. Bd3 Ne7 5. O-O O-O 6. Bg5 h6 7. Be3 d5 8.
e5 c5 9. c3 Nf5 10. Bxf5 exf5 11. Ne1 Be6 12. f4 cxd4 13. cxd4 Nc6 14. Nc3
Rc8 15. Rc1 Re8 16. Nf3 Bf8 17. Qe1 Qb6 18. Qe2 Na5 19. Na4 Qb4 20. b3 Nc6
21. Nb2 Qa3 22. Nd3 Nb4 23. Nxb4 Qxb4 24. Qd3 Bd7 25. a4 Qa5 26. Rxc8 Rxc8
27. Rc1 Rxc1+ 28. Bxc1 Qc7 29. Bd2 b5 30. axb5 Qb7 31. Kf2 Bxb5 32. Qc3 a6
33. Ne1 Kg7 34. Nc2 Qc6 35. Qxc6 Bxc6 36. Bb4 h5 37. Ke3 Bb7 38. Kd3 Bxb4
39. Nxb4 a5 40. Nc2 h4 41. Kc3 f6 42. b4 axb4+ 43. Kxb4 g5 44. g3 fxe5 45.
dxe5 gxf4 46. gxf4 Kf7 47. Nd4 Bc8 48. Kc5 Bd7 49. Kxd5 Ba4 50. Nxf5 Kg6
51. Nxh4+ Kh5 52. Ng2 Kg4 53. e6 Kh3 54. f5 Kxg2 55. f6 Kf3 56. f7 Bb3+ 57.
Kd6 { Black resigns } 1-0

[Event "ICC tourney 2397 (75 10)"]
[Site "Internet Chess Club"]
[Date "2021.02.21"]
[Round "5"]
[White "OctopusYule"]
[Black "joeandjoe56"]
[Result "1-0"]
[ICCResult "Black resigns"]
[WhiteElo "1799"]
[BlackElo "1816"]
[Opening "Ruy Lopez: 5.O-O"]
[ECO "C78"]
[NIC "RL.12"]
[Time "14:33:06"]
[PlyCount "124"]
[TimeControl "4500+10"]

1. e4 e5 2. Nf3 Nc6 3. Bb5 a6 4. Ba4 Nf6 5. O-O b5 6. Bb3 Bc5 7. c3 d6 8.
d4 Bb6 9. a4 Bg4 10. Bg5 exd4 11. Bd5 Bd7 12. cxd4 h6 13. Bxf6 gxf6 14. Qc1
Nxd4 15. Nxd4 Bxd4 16. Bxa8 Qxa8 17. Qxc7 Bxb2 18. Ra2 Be5 19. Rd2 d5 20.
Qb6 Qb8 21. Qxb8+ Bxb8 22. Rxd5 Be6 23. Rc5 bxa4 24. Nc3 Ke7 25. Nxa4 Bd6
26. Rc6 Bd7 27. Rxa6 Bb5 28. Ra7+ Ke6 29. Rd1 Rc8 30. g3 Rc4 31. Nb2 Rxe4
32. Raa1 Be5 33. Rab1 Rb4 34. Nd3 Rxb1 35. Nc5+ Kf5 36. Rxb1 Bc4 37. Rc1
Bd5 38. Nd3 Bd4 39. Nf4 Bf3 40. Rc7 Be5 41. Rxf7 Bxf4 42. gxf4 h5 43. h3
Kg6 44. Rf8 Be4 45. Kh2 Bf3 46. Kg3 Be2 47. f3 Bd1 48. Rd8 Be2 49. Rd2 Bc4
50. Kh4 Bf7 51. Rd7 Be6 52. Re7 Bf7 53. f5+ Kg7 54. Rxf7+ Kxf7 55. Kxh5 Kg7
56. Kg4 Kh6 57. Kf4 Kh5 58. Ke4 Kg5 59. f4+ Kh4 60. Kd5 Kxh3 61. Ke6 Kg4
62. Kxf6 Kxf4 { Black resigns } 1-0

[Event "ICC tourney 2397 (75 10)"]
[Site "Internet Chess Club"]
[Date "2021.02.21"]
[Round "5"]
[White "vishalanil"]
[Black "Percy101"]
[Result "0-1"]
[ICCResult "White resigns"]
[WhiteElo "1838"]
[BlackElo "1898"]
[Opening "French: Tarrasch, closed variation, main line"]
[ECO "C06"]
[NIC "FR.17"]
[Time "14:33:01"]
[PlyCount "100"]
[TimeControl "4500+10"]

1. e4 e6 2. d4 d5 3. Nd2 Nf6 4. e5 Nfd7 5. Bd3 c5 6. c3 Nc6 7. Ne2 cxd4 8.
cxd4 f6 9. exf6 Nxf6 10. Nf3 Bd6 11. O-O Qc7 12. a3 O-O 13. b4 e5 14. dxe5
Nxe5 15. Nfd4 Nxd3 16. Qxd3 Bxh2+ 17. Kh1 Be5 18. Bb2 Bd7 19. f4 Bxd4 20.
Bxd4 Qc4 21. Qxc4 dxc4 22. Rac1 b5 23. Be5 Bf5 24. Nd4 Bd3 25. Rf3 a6 26.
Ne6 Rfe8 27. Nc7 Ne4 28. Nxa8 Rxa8 29. Re1 Re8 30. Kg1 Nf6 31. Rfe3 Ng4 32.
Rg3 h5 33. Rf3 Kf7 34. g3 Kg6 35. Kg2 Kf5 36. Kh3 g6 37. Kh4 Be4 38. Rff1
Rd8 39. Rd1 Rxd1 40. Rxd1 Nxe5 41. fxe5 Kxe5 42. Kg5 c3 43. Rc1 Kd4 44. Kf4
c2 45. Re1 Bf5 46. Rg1 Kd3 47. Kf3 Kd2 48. Rg2+ Kc3 49. Rg1 Kb2 50. Rg2 Kb1
{ White resigns } 0-1

[Event "ICC tourney 2397 (75 10)"]
[Site "Internet Chess Club"]
[Date "2021.02.21"]
[Round "5"]
[White "bcooke01"]
[Black "kwen2008"]
[Result "0-1"]
[ICCResult "White resigns"]
[WhiteElo "1844"]
[BlackElo "1728"]
[Opening "Nimzo-Indian: 4.e3, main line with 8...Bxc3"]
[ECO "E58"]
[NIC "NI.02"]
[Time "14:33:01"]
[PlyCount "94"]
[TimeControl "4500+10"]

1. d4 Nf6 2. c4 e6 3. Nc3 Bb4 4. e3 O-O 5. Bd3 d5 6. Nf3 c5 7. O-O Nc6 8.
a3 Bxc3 9. bxc3 cxd4 10. cxd4 dxc4 11. Bxc4 b6 12. a4 Bb7 13. Ba3 Re8 14.
Rc1 Rc8 15. Qe2 Nd5 16. Bb5 Nde7 17. Ne5 Qd5 18. f3 Red8 19. a5 Nf5 20. a6
Ba8 21. g4 Nfxd4 22. exd4 Nxd4 23. Qe3 Rxc1 24. Rxc1 Nxb5 25. Be7 Re8 26.
Qf4 Qd4+ 27. Qxd4 Nxd4 28. Rc7 f6 29. Nc4 Nb5 30. Rd7 Bc6 31. Rd8 Rxd8 32.
Bxd8 Bxf3 33. Nxb6 axb6 34. Bxb6 Bxg4 35. Kf2 e5 36. a7 Nxa7 37. Bxa7 Kf7
38. Kg3 Bd7 39. Kf3 f5 40. Bb8 Kf6 41. Bc7 f4 42. Bd8+ Kf5 43. h4 e4+ 44.
Kf2 e3+ 45. Ke2 Ke4 46. Bb6 f3+ 47. Ke1 f2+ { White resigns } 0-1

[Event "ICC tourney 2397 (75 10)"]
[Site "Internet Chess Club"]
[Date "2021.02.21"]
[Round "5"]
[White "Nikhilp"]
[Black "icommai"]
[Result "0-1"]
[ICCResult "White resigns"]
[WhiteElo "1751"]
[BlackElo "1880"]
[Opening "Caro-Kann: Tartakower (Nimzovich) variation"]
[ECO "B15"]
[NIC "CK.06"]
[Time "14:33:22"]
[PlyCount "110"]
[TimeControl "4500+10"]

1. e4 c6 2. d4 d5 3. Nd2 dxe4 4. Nxe4 Nf6 5. Nxf6+ exf6 6. Nf3 Bd6 7. Be2
O-O 8. O-O Re8 9. c4 Bg4 10. h3 Bh5 11. Re1 Nd7 12. Bd2 Nf8 13. Nh4 Rxe2
14. Rxe2 Bxe2 15. Qxe2 Qd7 16. Qd3 Ne6 17. Be3 Rd8 18. Rd1 Bf8 19. Rd2 g6
20. Qe2 Bb4 21. Rd1 Qe7 22. d5 cxd5 23. cxd5 Nc7 24. Qc4 b5 25. Qb3 Qe4 26.
Rd4 Qb1+ 27. Kh2 Bd6+ 28. g3 Be5 29. Rd3 a5 30. Rd1 Qe4 31. f3 Qxh4 32. f4
Qh5 33. g4 a4 34. Qc2 Qh6 35. g5 Qxg5 36. fxe5 Qxe3 37. Qxc7 Qxe5+ 38. Qxe5
fxe5 39. Kg3 f5 40. d6 Kf7 41. Rd5 Ke6 42. Rxb5 Rxd6 43. Ra5 Rd4 44. Kf3 f4
45. Ke2 e4 46. Ra6+ Kf5 47. Ra5+ Kf6 48. b3 axb3 49. axb3 Rb4 50. Ra6+ Kg5
51. Ra5+ Kh4 52. Ra4 Rxb3 53. Rxe4 Re3+ 54. Rxe3 fxe3 55. Kxe3 Kxh3 { White
resigns } 0-1

[Event "ICC tourney 2397 (75 10)"]
[Site "Internet Chess Club"]
[Date "2021.02.21"]
[Round "5"]
[White "xyzchessdude"]
[Black "karuto2006"]
[Result "0-1"]
[ICCResult "White resigns"]
[WhiteElo "1987"]
[BlackElo "1774"]
[Opening "Neo-Grünfeld, 6.cd Nxd5, 7.O-O"]
[ECO "D74"]
[NIC "EO.64"]
[Time "14:33:13"]
[PlyCount "118"]
[TimeControl "4500+10"]

1. c4 Nf6 2. Nf3 g6 3. g3 Bg7 4. Bg2 O-O 5. d4 d5 6. cxd5 Nxd5 7. O-O c6 8.
Nc3 Bg4 9. h3 Bxf3 10. Bxf3 Nb6 11. e3 N8d7 12. a4 a5 13. Qb3 e5 14. d5 Nc5
15. Qc2 cxd5 16. Nxd5 Rc8 17. Nc3 Qe7 18. Rd1 f5 19. Nd5 Nxd5 20. Bxd5+ Kh8
21. Bd2 b6 22. Bc3 f4 23. exf4 exf4 24. Re1 Qg5 25. Bxg7+ Kxg7 26. Qc3+ Kh6
27. Re5 Qf6 28. g4 Nd7 29. g5+ Qxg5+ 30. Rxg5 Rxc3 31. Rxg6+ hxg6 32. bxc3
Kg5 33. Rb1 Nc5 34. Bc6 Rf6 35. Bb5 Kh4 36. Rd1 Kxh3 37. Rd8 Kg4 38. Rd4
Kf3 39. Kf1 Re6 40. Bc4 Re5 41. Bd5+ Kg4 42. Kg2 g5 43. Bf3+ Kf5 44. Kh3
Ne4 45. Rxe4 Rxe4 46. Bxe4+ Kxe4 47. Kg4 Kd5 48. Kxg5 b5 49. c4+ Kxc4 50.
axb5 Kxb5 51. Kxf4 a4 52. Ke5 a3 53. f4 a2 54. f5 a1=Q+ 55. Ke6 Kc6 56. f6
Qe1+ 57. Kf7 Kd7 58. Kg7 Qg3+ 59. Kf7 Qg5 { White resigns } 0-1

[Event "ICC tourney 2397 (75 10)"]
[Site "Internet Chess Club"]
[Date "2021.02.21"]
[Round "5"]
[White "funpawn"]
[Black "jairam09"]
[Result "1/2-1/2"]
[ICCResult "Game drawn by mutual agreement"]
[WhiteElo "1795"]
[BlackElo "1806"]
[Opening "Caro-Kann: anti-anti-Caro-Kann defense"]
[ECO "B10"]
[NIC "CK.01"]
[Time "14:33:03"]
[PlyCount "63"]
[TimeControl "4500+10"]

1. e4 c6 2. c4 d5 3. cxd5 cxd5 4. exd5 Qxd5 5. Nc3 Qd8 6. d4 Nf6 7. Bc4 g6
8. Nge2 Bg7 9. O-O O-O 10. b3 Nbd7 11. Bb2 Nb6 12. Rc1 Bg4 13. h3 Bxe2 14.
Qxe2 e6 15. Rfd1 Rc8 16. Ne4 Nxe4 17. Qxe4 Qd7 18. Qe3 Nd5 19. Bxd5 Qxd5
20. Rxc8 Rxc8 21. Rc1 Rxc1+ 22. Qxc1 Bxd4 23. Qc8+ Kg7 24. Ba3 h5 25. Be7
Qf5 26. Bh4 Qf4 27. Qd8 Bf6 28. Bxf6+ Qxf6 29. Qc7 Qa1+ 30. Kh2 Qxa2 31.
Qe5+ Kh7 32. Qf6 { Game drawn by mutual agreement } 1/2-1/2

[Event "ICC tourney 2397 (75 10)"]
[Site "Internet Chess Club"]
[Date "2021.02.21"]
[Round "5"]
[White "liguowh"]
[Black "outpost"]
[Result "1-0"]
[ICCResult "Black checkmated"]
[WhiteElo "1972"]
[BlackElo "1795"]
[Opening "Sicilian: Kan variation"]
[ECO "B41"]
[NIC "SI.41"]
[Time "14:33:13"]
[PlyCount "113"]
[TimeControl "4500+10"]

1. e4 c5 2. Nf3 e6 3. d4 cxd4 4. Nxd4 a6 5. Be3 Qc7 6. c4 Nf6 7. f3 Bd6 8.
g3 h5 9. Qd2 Nc6 10. Nc3 Nxd4 11. Bxd4 h4 12. g4 Bf4 13. Qe2 d6 14. Bh3 Bd7
15. Rg1 O-O-O 16. g5 Nh5 17. Rg4 Be5 18. Qe3 Bxd4 19. Qxd4 e5 20. Qa7 Qb8
21. Qg1 Nf4 22. Rxf4 exf4 23. Bxd7+ Rxd7 24. Nd5 Rc7 25. Nb6+ Kd8 26. Qd4
Re7 27. Qxg7 Rhe8 28. Qf6 Qc7 29. Nd5 Qc5 30. O-O-O Kd7 31. Nxe7 Rxe7 32.
Kb1 Qe5 33. Qxe5 Rxe5 34. Rd5 Kc6 35. Rxe5 dxe5 36. Kc2 Kc5 37. Kc3 b6 38.
b4+ Kc6 39. a4 h3 40. b5+ axb5 41. cxb5+ Kc5 42. Kb3 Kd4 43. a5 Ke3 44.
axb6 Kxf3 45. b7 Kg2 46. b8=Q Kxh2 47. Qxe5 Kg3 48. b6 h2 49. Qa1 Kg2 50.
Qb2+ Kg1 51. Qc1+ Kg2 52. Qd2+ Kg3 53. Qe1+ Kg2 54. Qe2+ Kg1 55. Qg4+ Kh1
56. Qxf4 f5 57. Qf1# { Black checkmated } 1-0

[Event "ICC tourney 2397 (75 10)"]
[Site "Internet Chess Club"]
[Date "2021.02.21"]
[Round "5"]
[White "corviknight"]
[Black "abi2009"]
[Result "1-0"]
[ICCResult "Black resigns"]
[WhiteElo "1802"]
[BlackElo "1649"]
[Opening "Sicilian: Najdorf"]
[ECO "B90"]
[NIC "SI.14"]
[Time "14:33:06"]
[PlyCount "81"]
[TimeControl "4500+10"]

1. e4 c5 2. Nf3 d6 3. d4 cxd4 4. Nxd4 Nf6 5. Nc3 a6 6. f3 g6 7. Be3 Bg7 8.
Qd2 Nc6 9. O-O-O O-O 10. h4 Bd7 11. Bc4 Rc8 12. Bb3 Ne5 13. h5 Nxh5 14. g4
Nxf3 15. Nxf3 Bxg4 16. Qf2 Bxc3 17. bxc3 Qa5 18. Rdg1 Qxc3 19. Rxg4 Qa1+
20. Kd2 Qxh1 21. Rg1 Qh3 22. Ng5 Qd7 23. Bxf7+ Kh8 24. Rh1 Qa4 25. Bd4+ e5
26. Bc3 Rxc3 27. Kxc3 Rc8+ 28. Kb2 Qb4+ 29. Bb3 Qd4+ 30. Qxd4 exd4 31. Nf7+
Kg7 32. Nxd6 Rd8 33. Nxb7 Rd7 34. Nc5 Rd6 35. e5 Rb6 36. e6 Nf6 37. Nd7
Nxd7 38. exd7 Rd6 39. Ba4 d3 40. cxd3 Rxd3 41. Rd1 { Black resigns } 1-0

[Event "ICC tourney 2397 (75 10)"]
[Site "Internet Chess Club"]
[Date "2021.02.21"]
[Round "5"]
[White "apachekid"]
[Black "evilking"]
[Result "0-1"]
[ICCResult "White resigns"]
[WhiteElo "1816"]
[BlackElo "1768"]
[Opening "Queen's pawn game"]
[ECO "D00"]
[NIC "QP.08"]
[Time "14:33:01"]
[PlyCount "146"]
[TimeControl "4500+10"]

1. d4 d5 2. e3 Bf5 3. c4 e6 4. Qb3 b6 5. Nc3 Nf6 6. cxd5 exd5 7. Nf3 Be7 8.
Qa4+ c6 9. Ne5 Qc7 10. Bd2 O-O 11. Rc1 c5 12. Nb5 Qb7 13. dxc5 bxc5 14. Qf4
Bd7 15. Nxd7 Nbxd7 16. b3 a6 17. Nc7 Ra7 18. Ba5 Rc8 19. Bxa6 Rxa6 20. Nxa6
Qxa6 21. b4 h6 22. f3 cxb4 23. Rxc8+ Qxc8 24. O-O Qc5 25. Bc7 Nh5 26. Qf5
Qxe3+ 27. Kh1 Nhf6 28. Bf4 Qe2 29. Rc1 Qxa2 30. Rc8+ Bf8 31. g4 Qa6 32. Rc1
Qe2 33. Bg3 b3 34. Re1 Qc4 35. h4 g6 36. Qb1 Qc3 37. Kg2 d4 38. Rc1 Qd2+
39. Kh3 Nc5 40. Rd1 Qc2 41. Be5 Qe2 42. Bg3 d3 43. Qa1 Qxf3 44. Rf1 Qxg4+
45. Kh2 Nce4 46. Rg1 Qe2+ 47. Rg2 Ng4+ 48. Kh3 Nef2+ 49. Bxf2 Nxf2+ 50. Kh2
Bd6+ 51. Kg1 Qd1+ 52. Qxd1 Nxd1 53. Rd2 b2 54. Rxd1 d2 55. Kf1 g5 56. hxg5
hxg5 57. Ke2 Bf4 58. Rb1 f5 59. Rxb2 Kg7 60. Rb6 g4 61. Rb7+ Kg6 62. Rd7
Kg5 63. Rg7+ Kh4 64. Rf7 Kg5 65. Rg7+ Kh6 66. Rf7 Kg6 67. Rd7 Bg5 68. Rd6+
Kh5 69. Rd5 g3 70. Kf3 Kh4 71. Rd4+ Kh3 72. Rd7 g2 73. Rh7+ Bh4 { White
resigns } 0-1

[Event "ICC tourney 2397 (75 10)"]
[Site "Internet Chess Club"]
[Date "2021.02.21"]
[Round "5"]
[White "atevifred"]
[Black "GrandWizard"]
[Result "1-0"]
[ICCResult "Black checkmated"]
[WhiteElo "1803"]
[BlackElo "1701"]
[Opening "Réti v Dutch"]
[ECO "A04"]
[NIC "QP.11"]
[Time "14:33:06"]
[PlyCount "189"]
[TimeControl "4500+10"]

1. Nf3 f5 2. c4 c6 3. b3 Nf6 4. Bb2 g6 5. g3 Bg7 6. Bg2 Qb6 7. O-O O-O 8.
e3 d5 9. Qc1 e6 10. d3 Nbd7 11. Ne5 Nxe5 12. Bxe5 Nd7 13. Bxg7 Kxg7 14.
Qb2+ Nf6 15. Nd2 Bd7 16. Nf3 Kf7 17. Ne5+ Ke7 18. Qa3+ c5 19. Rab1 Qb4 20.
Qb2 Bc6 21. a3 Qb6 22. b4 cxb4 23. axb4 dxc4 24. Bxc6 bxc6 25. dxc4 Ng4 26.
c5 Qc7 27. Nc4 Nf6 28. Rfd1 Rad8 29. Nd6 Ne8 30. Nc4 Rd5 31. Rxd5 exd5 32.
Ne5 a6 33. Ra1 Qb7 34. Qe2 Nc7 35. Qb2 Rb8 36. Nd3 Ne6 37. Qe5 Kf7 38. Qd6
Rd8 39. Ne5+ Kf6 40. Qxc6 Qxc6 41. Nxc6 Ra8 42. Kf1 Nc7 43. Ke2 Ke6 44. Kd3
Kd7 45. Nd4 Rb8 46. Kc3 h5 47. h4 Re8 48. Ra5 Re4 49. Kd3 Rg4 50. b5 axb5
51. Nxb5 Nxb5 52. Rxb5 Kc6 53. Ra5 g5 54. hxg5 Rxg5 55. Kd4 Rg4+ 56. f4
Rxg3 57. Ra6+ Kc7 58. Rh6 Rh3 59. Rf6 h4 60. Rxf5 Rh1 61. Kxd5 h3 62. Rf7+
Kd8 63. Rh7 h2 64. Ke4 Ke8 65. c6 Kd8 66. f5 Kc8 67. f6 Rf1 68. Rxh2 Rxf6
69. Rc2 Re6+ 70. Kd4 Kc7 71. e4 Re8 72. Kd5 Rd8+ 73. Ke5 Re8+ 74. Kd4 Rd8+
75. Ke3 Re8 76. Rc4 Re7 77. Kf4 Re8 78. Kf5 Kd6 79. c7 Rf8+ 80. Kg6 Rc8 81.
Kf7 Kd7 82. e5 Ra8 83. c8=Q+ Rxc8 84. Rxc8 Kxc8 85. e6 Kc7 86. e7 Kd7 87.
e8=Q+ Kc7 88. Qe6 Kd8 89. Qd6+ Kc8 90. Ke7 Kb7 91. Qc5 Ka6 92. Qb4 Ka7 93.
Kd7 Ka6 94. Kc6 Ka7 95. Qb7# { Black checkmated } 1-0

[Event "ICC tourney 2397 (75 10)"]
[Site "Internet Chess Club"]
[Date "2021.02.21"]
[Round "6"]
[White "GrandWizard"]
[Black "Goldenmaknae"]
[Result "0-1"]
[ICCResult "White resigns"]
[WhiteElo "1701"]
[BlackElo "1809"]
[Opening "Gedult's opening"]
[ECO "A00"]
[Time "18:03:13"]
[PlyCount "70"]
[TimeControl "4500+10"]

1. f3 d5 2. Kf2 Nf6 3. e3 e5 4. d4 exd4 5. exd4 Bd6 6. c3 O-O 7. Be3 Bf5 8.
Qd2 Nbd7 9. Bg5 h6 10. Bxh6 gxh6 11. Qxh6 Nh7 12. g4 Bxb1 13. Rxb1 Qf6 14.
Qh5 Qg6 15. Qxg6+ fxg6 16. Bd3 Kg7 17. h4 Nhf6 18. h5 gxh5 19. g5 Ne4+ 20.
Kg2 Nxg5 21. Rxh5 Nf7 22. Nh3 Nf6 23. Rf5 Rh8 24. Ng5 Rae8 25. Rg1 Nh6 26.
Ne6+ Rxe6 27. Kf1+ Kf7 28. Rfg5 Rg8 29. Bg6+ Kf8 30. Rh1 Nf7 31. Rg2 Ne8
32. Bxf7 Kxf7 33. Rh7+ Rg7 34. Rhxg7+ Nxg7 35. Rxg7+ Kxg7 { White resigns }
0-1

[Event "ICC tourney 2397 (75 10)"]
[Site "Internet Chess Club"]
[Date "2021.02.21"]
[Round "6"]
[White "arconsul2"]
[Black "kasraei"]
[Result "1-0"]
[ICCResult "Black resigns"]
[WhiteElo "1726"]
[BlackElo "1950"]
[Opening "Queen's pawn, Mason variation"]
[ECO "D00"]
[NIC "QP.08"]
[Time "18:03:35"]
[PlyCount "27"]
[TimeControl "4500+10"]

1. d4 d5 2. Bf4 Nf6 3. e3 c5 4. Nd2 e6 5. c3 Bd6 6. Bg3 O-O 7. Bd3 Nc6 8.
Ngf3 b6 9. Qe2 Bb7 10. Rd1 Re8 11. Ne5 Nd7 12. Bxh7+ Kxh7 13. Qh5+ Kg8 14.
Qxf7+ { Black resigns } 1-0

[Event "ICC tourney 2397 (75 10)"]
[Site "Internet Chess Club"]
[Date "2021.02.21"]
[Round "6"]
[White "PearsonH"]
[Black "JunlinTheWorld"]
[Result "1/2-1/2"]
[ICCResult "Game drawn by repetition"]
[WhiteElo "1726"]
[BlackElo "1860"]
[Opening "Queen's pawn: London system"]
[ECO "A45"]
[NIC "QP.07"]
[Time "18:03:37"]
[PlyCount "92"]
[TimeControl "4500+10"]

1. d4 Nf6 2. Bf4 d5 3. e3 e6 4. Nd2 Be7 5. Bd3 Nbd7 6. h3 b6 7. Ngf3 Bb7 8.
O-O O-O 9. Ne5 c5 10. c3 h6 11. Bg3 c4 12. Bc2 b5 13. Qe2 a5 14. e4 Nxe5
15. Bxe5 dxe4 16. Nxe4 Nxe4 17. Bxe4 Bxe4 18. Qxe4 Bf6 19. Bxf6 Qxf6 20. f4
b4 21. Qe5 Qxe5 22. fxe5 Rab8 23. Rf2 Rb7 24. Raf1 Rc8 25. g4 Rcc7 26. Kg2
Kf8 27. Kg3 Ke8 28. h4 a4 29. g5 h5 30. Kf4 g6 31. Ke4 Rd7 32. Re1 Kd8 33.
Ref1 Kc8 34. Ke3 Kb8 35. Ke4 Ka7 36. cxb4 Ka6 37. a3 Kb5 38. Rc1 Rd5 39.
Rfc2 Rc7 40. Rc3 Rd8 41. R1c2 Rd5 42. Rd2 Rb7 43. Rf2 Ra7 44. Rfc2 Rc7 45.
Rd2 Re7 46. Rdc2 Rc7 { Game drawn by repetition } 1/2-1/2

[Event "ICC tourney 2397 (75 10)"]
[Site "Internet Chess Club"]
[Date "2021.02.21"]
[Round "6"]
[White "danh07"]
[Black "vober6"]
[Result "1/2-1/2"]
[ICCResult "Game drawn by mutual agreement"]
[WhiteElo "1876"]
[BlackElo "1912"]
[Opening "Scotch game"]
[ECO "C45"]
[NIC "SO.05"]
[Time "18:03:50"]
[PlyCount "25"]
[TimeControl "4500+10"]

1. e4 e5 2. Nf3 Nc6 3. d4 exd4 4. Nxd4 Bc5 5. Be3 Qf6 6. c3 Nge7 7. Bc4 O-O
8. O-O Ne5 9. Be2 d6 10. f3 Bd7 11. Nd2 N7c6 12. N2b3 Bb6 13. Kh1 { Game
drawn by mutual agreement } 1/2-1/2

[Event "ICC tourney 2397 (75 10)"]
[Site "Internet Chess Club"]
[Date "2021.02.21"]
[Round "6"]
[White "jairam09"]
[Black "rockinroll"]
[Result "1/2-1/2"]
[ICCResult "Game drawn by repetition"]
[WhiteElo "1806"]
[BlackElo "1784"]
[Opening "Nimzovich-Larsen attack: modern variation"]
[ECO "A01"]
[NIC "VO.08"]
[Time "18:03:12"]
[PlyCount "71"]
[TimeControl "4500+10"]

1. b3 e5 2. Bb2 Nc6 3. e3 d5 4. Bb5 Bd6 5. f4 f6 6. Qh5+ g6 7. Qh4 Bd7 8.
Nf3 e4 9. Nd4 Nxd4 10. Bxd7+ Qxd7 11. Bxd4 Be7 12. Bb2 f5 13. Qf2 Bf6 14.
Bxf6 Nxf6 15. h3 O-O-O 16. Nc3 a6 17. Ne2 Rhe8 18. O-O Kb8 19. Rfd1 Rg8 20.
Qh4 Qg7 21. Nd4 Rde8 22. Rf1 c5 23. Ne2 g5 24. fxg5 Qxg5 25. Qxg5 Rxg5 26.
Rf2 Reg8 27. Nf4 b6 28. a4 a5 29. Raf1 Kb7 30. Ne6 R5g6 31. Nf4 Rg5 32. Ne6
R5g6 33. Nf4 Rg5 34. Ne6 R5g6 35. Nf4 Rg5 36. Ne6 { Game drawn by
repetition } 1/2-1/2

[Event "ICC tourney 2397 (75 10)"]
[Site "Internet Chess Club"]
[Date "2021.02.21"]
[Round "6"]
[White "adwaysane"]
[Black "MysteryHunter"]
[Result "1-0"]
[ICCResult "Black resigns"]
[WhiteElo "1716"]
[BlackElo "1732"]
[Opening "Queen's bishop game"]
[ECO "A45"]
[NIC "QP.07"]
[Time "18:03:06"]
[PlyCount "109"]
[TimeControl "4500+10"]

1. d4 Nf6 2. Bf4 d5 3. Nf3 e6 4. e3 c5 5. c3 Nc6 6. Nbd2 cxd4 7. exd4 Nh5
8. Bg3 Nxg3 9. hxg3 g6 10. Bd3 Bg7 11. Qc2 Bd7 12. O-O-O Qc7 13. Nb3 Bf8
14. Ng5 Be7 15. Nxh7 O-O-O 16. f4 Kb8 17. Kb1 Na5 18. Nxa5 Qxa5 19. Qe2 Rc8
20. Ng5 Bxg5 21. Qe5+ Qc7 22. Rxh8 Qxe5 23. Rxc8+ Kxc8 24. fxe5 Be8 25. Rh1
a6 26. Rh7 Kd8 27. Bc2 Ke7 28. Bxg6 Kf8 29. Bc2 Kg8 30. Rh1 Kg7 31. Bd3 b5
32. a4 Kf8 33. axb5 axb5 34. Kc2 Ke7 35. Kb3 Kd8 36. Kb4 Be7+ 37. Ka5 b4
38. cxb4 Kc7 39. Bb5 Bxb5 40. Kxb5 f6 41. Rh7 Kd8 42. Ka5 fxe5 43. dxe5 Bg5
44. b5 d4 45. b6 Kc8 46. b7+ Kb8 47. Rd7 d3 48. Rxd3 Kxb7 49. Rd6 Kc7 50.
Rxe6 Kd7 51. Rg6 Bd2+ 52. Kb5 Be3 53. b4 Bd4 54. Rd6+ Ke7 55. Rxd4 { Black
resigns } 1-0

[Event "ICC tourney 2397 (75 10)"]
[Site "Internet Chess Club"]
[Date "2021.02.21"]
[Round "6"]
[White "karuto2006"]
[Black "icommai"]
[Result "1-0"]
[ICCResult "Black resigns"]
[WhiteElo "1774"]
[BlackElo "1880"]
[Opening "Caro-Kann: Tartakower (Nimzovich) variation"]
[ECO "B15"]
[NIC "CK.06"]
[Time "18:02:58"]
[PlyCount "67"]
[TimeControl "4500+10"]

1. e4 c6 2. d4 d5 3. Nc3 dxe4 4. Nxe4 Nf6 5. Nxf6+ exf6 6. Nf3 Bd6 7. Bd3
O-O 8. O-O Re8 9. c4 Nd7 10. c5 Bc7 11. b4 a6 12. a4 Nf8 13. Bb2 Bg4 14. h3
Bh5 15. Bc4 Ne6 16. d5 cxd5 17. Qxd5 Nf4 18. Qxd8 Raxd8 19. Rfd1 Nxh3+ 20.
Kf1 Bxf3 21. gxf3 Nf4 22. b5 axb5 23. axb5 Be5 24. Bxe5 fxe5 25. c6 bxc6
26. bxc6 Kf8 27. c7 Rc8 28. Rd7 Ne6 29. Bxe6 Rxe6 30. Rad1 Ree8 31. Kg2 g5
32. Kg3 Kg7 33. Rd8 Kf8 34. Rxc8 { Black resigns } 1-0